 Dungeon Crawl Stone Soup version 0.29-a0-841-g116ddc6ace (webtiles) character file.

Game seed: 17270409420760284728

20 IdlyInterested the Trooper (level 2, 0/24 HPs)
             Began as a Demonspawn Fighter on July 14, 2022.
             Slain by a rat (1 damage)
             ... on level 1 of the Dungeon.
             The game lasted 00:01:13 (325 turns).

IdlyInterested the Trooper (Demonspawn Fighter)      Turns: 325, Time: 00:01:14

Health: 0/24       AC:  6    Str: 16    XL:     2   Next: 58%
Magic:  2/2        EV:  8    Int:  9    God:
Gold:   4          SH:  4    Dex: 12    Spells: 1/1 levels left

rFire   . . .      SeeInvis .   a - +0 long sword
rCold   . . .      Faith    .   c - +0 buckler
rNeg    . . .      Spirit   .   b - +0 scale mail
rPois   .          Reflect  .   (no helmet)
rElec   .          Harm     .   (no cloak)
rCorr   .          Rampage  .   (no gloves)
Will    .....                   (no boots)
Stlth   ..........              (no amulet)
HPRegen 0.08/turn               (no ring)
MPRegen 0.16/turn               (no ring)

@: no status effects
A: magic regeneration
a: no special abilities


You were on level 1 of the Dungeon.
You visited 1 branch of the dungeon, and saw 1 of its levels.

You collected 4 gold pieces.

Inventory:

Hand Weapons
 a - a +0 long sword (weapon)
Armour
 b - a +0 scale mail (worn)
 c - a +0 buckler (worn)
 k - a +0 ring mail
Scrolls
 e - a scroll of fog {unknown}
 g - a scroll of immolation {unknown}
 h - a scroll of vulnerability {unknown}
 j - a scroll of summoning {unknown}
Potions
 d - a potion of might
 f - a potion of flight {unknown}
 i - 2 potions of curing {unknown}


   Skills:
 - Level 3.0 Fighting
 + Level 2.2 Long Blades
 - Level 1.0 Throwing
 - Level 2.6 Armour
 - Level 2.6 Shields
 * Level 0.2 Spellcasting
 - Level 1.0 Evocations


You had one spell level left.
You didn't know any spells.
Your spell library was empty.

Dungeon Overview and Level Annotations

Branches:
Dungeon (1/15)

Altars:


Innate Abilities, Weirdness & Mutations

You regenerate magic rapidly.


Message History

The endoplasm barely misses you. You block the rat's attack.
You hit the endoplasm.
The endoplasm is almost dead.
The endoplasm freezes you.
You are frozen.
The rat bites you but does no damage.
The frilled lizard bites you but does no damage.
You barely miss the endoplasm.
The endoplasm is almost dead.
The endoplasm freezes you.
You are frozen.
* * * LOW HITPOINT WARNING * * *
The rat bites you but does no damage.
The frilled lizard bites you but does no damage.
You block the rat's attack. The frilled lizard barely misses you.
The endoplasm hits you but does no damage.
You barely miss the endoplasm.
The endoplasm is almost dead.
The endoplasm freezes you.
You are frozen.
* * * LOW HITPOINT WARNING * * *
The rat closely misses you. You block the frilled lizard's attack.
Unknown command.
You hit the endoplasm.
You kill the endoplasm!
The rat bites you.
* * * LOW HITPOINT WARNING * * *
The frilled lizard bites you.
* * * LOW HITPOINT WARNING * * *
Unknown command.
You closely miss the frilled lizard. The rat closely misses you.
The frilled lizard misses you. The rat bites you but does no damage.
The frilled lizard barely misses you.
You barely miss the frilled lizard.
The frilled lizard completely misses you.
You block the rat's attack.
You slash the frilled lizard!
You kill the frilled lizard!
You block the rat's attack.
You hit the rat but do no damage. The rat barely misses you. The rat bites you.
You die...

#...# #..
#...# #..
###'### #..
#######.....#
#..
......).....#
#..
#####......#
#.# ##.##+###
#.#
#........?
..#
#@...####.
...+ #r)..#
....# )....#
.....#
......#
..#####
......... #
....#...... #
..... ......#
#.####
#####..


You could see a rat.

Vanquished Creatures
  A dart slug (D:1)
  2 endoplasms (D:1)
  A giant cockroach (D:1)
  3 jackals (D:1)
  2 quokkas (D:1)
  3 ball pythons (D:1)
  2 frilled lizards (D:1)
  2 goblins (D:1)
  A rat (D:1)
17 creatures vanquished.

Notes
Turn   | Place    | Note
-------+----------+-------------------------------------------
     0 | D:1      | IdlyInterested the Demonspawn Fighter began the quest for
                  | the Orb.
     0 | D:1      | Reached XP level 1. HP: 18/18 MP: 1/1
   137 | D:1      | Reached skill level 1 in Throwing
   166 | D:1      | Gained mutation: You regenerate magic rapidly. [demonic
                  | ancestry]
   166 | D:1      | Reached XP level 2. HP: 23/24 MP: 2/2
   313 | D:1      | Reached skill level 1 in Evocations
   321 | D:1      | HP: 1/24 [frilled lizard (1)]
   325 | D:1      | Slain by a rat

Illustrated notes

Levels and vault maps discovered:
D:1:      giann_horns, layout_basic

Skill      XL: |  1  2 |
---------------+-------+-----
Long Blades    | 2 |  2.2
Throwing       | 1 |  1.0
Evocations     | 1 |  1.0
Fighting       | |  3.0
Armour         | |  2.6
Shields        | |  2.6
Spellcasting   | |  0.2

Action                   || total
-------------------------++-------
Melee: Long sword        ||    45
Armor: Scale mail        ||    19
Dodge: Dodged            ||    28
Block: Buckler           ||    11

Table legend: (Time is in decaauts)
 A = Elapsed time spent in this place.
 B = Non-inter-level travel time spent in this place.
 C = Inter-level travel time spent in this place.
 D = Time resting spent in this place.
 E = Time spent auto-exploring this place.
 F = Levels seen in this place.
 G = Mean time per level.
                   A        B        C        D        E       F      G
               +--------+--------+--------+--------+--------+-----+--------+
         Total |    339 |    339 |      0 |     41 |    183 |   1 |  339.0 |
       Dungeon |    339 |    339 |      0 |     41 |    183 |   1 |  339.0 |
               +--------+--------+--------+--------+--------+-----+--------+

Top non-repeatable levels by time:
     D:1: 339 daAuts
